 Dungeon Crawl Stone Soup version 0.25-a0-420-g1cc7eeb0d1 (webtiles) character file.

Game seed: 618815546283183837, levelgen mode: deterministic

1053 Kohma the Cleaver (level 8, -1/71 HPs)
             Began as a Hill Orc Abyssal Knight on Jan 19, 2020.
             Was an Elder of Lugonu.
             Slain by a killer bee (8 damage)
             ... on level 4 of the Dungeon.
             The game lasted 00:17:04 (5787 turns).

Kohma the Cleaver (Hill Orc Abyssal Knight)         Turns: 5787, Time: 00:17:05

Health: -1/71      AC: 10    Str: 17    XL:     8   Next: 26%
Magic:  12/12      EV:  9    Int: 12    God:    Lugonu [****..]
Gold:   118        SH:  0    Dex: 10    Spells: 7/7 levels left

rFire    . . .     SeeInvis .   o - +3 dagger (venom)
rCold    . . .     Gourm    .   (no shield)
rNeg     . . .     Faith    .   r - +0 scale mail
rPois    .         Spirit   .   E - +0 helmet
rElec    .         Reflect  .   B - +0 cloak {+Inv}
rCorr    .         Harm     .   u - +1 pair of gloves
MR       .....                  (no boots)
Stlth    ..........             (no amulet)
HPRegen  0.21/turn              (no ring)
MPRegen  0.13/turn              (no ring)

@: lethally poisoned (-1 -> -12), flying
A: no striking features
a: Depart the Abyss, Bend Space, Banish, Corrupt, Renounce Religion, Evoke
Invisibility


You were on level 4 of the Dungeon.
You worshipped Lugonu.
Lugonu was greatly pleased with you.
You were not hungry.

You visited 1 branch of the dungeon, and saw 5 of its levels.
You visited the Abyss 1 time.

You collected 245 gold pieces.
You spent 127 gold pieces at shops.

Inventory:

Hand Weapons
 a - a +1 hand axe
 j - a +0 hunting sling of freezing
 o - a +3 dagger of venom (weapon)
Missiles
 q - 16 poisoned darts (quivered)
Armour
 r - a +0 scale mail (worn)
 u - a +1 pair of gloves (worn)
 B - a +0 cloak of invisibility (worn)
 E - a +0 helmet (worn)
Jewellery
 d - a cursed -2 ring of protection {unknown}
 x - an uncursed amulet of magic regeneration {unknown}
 z - an uncursed amulet of regeneration {unknown}
 A - a cursed ring of attention {unknown}
Wands
 f - a wand of polymorph (4)
 h - a wand of digging (1)
 w - a wand of disintegration (9)
Scrolls
 b - a scroll of random uselessness {unknown}
 e - 4 scrolls of enchant weapon {unknown}
 i - 5 scrolls of teleportation {unknown}
 k - a scroll of enchant armour {unknown}
 l - 4 scrolls of remove curse {unknown}
 m - a scroll of magic mapping {unknown}
 n - 4 scrolls of identify {unknown}
 p - a scroll of fog {unknown}
 v - a scroll of immolation {unknown}
 y - a scroll of fear {unknown}
Potions
 g - a potion of flight
 t - a potion of brilliance {unknown}
 C - a potion of degeneration {unknown}
Comestibles
 c - 9 rations
 D - 6 chunks of flesh


   Skills:
 + Level 6.6 Fighting
 * Level 9.2 Axes
 - Level 2.1 Armour
 - Level 0.7 Dodging
 + Level 6.4 Invocations


You had 7 spell levels left.
You didn't know any spells.
Your spell library was empty.

Dungeon Overview and Level Annotations

Branches:
Dungeon (5/15)
 Temple: D:4-7

Altars:
Cheibriados
Fedhas
Gozag
Kikubaaqudgha
Makhleb
Nemelex Xobeh
Vehumet
Xom

Shops:
D:4 [


Message History

You feel sick.
The killer bee stings you but does no damage.
The killer bee barely misses you.
You miss the killer bee.
The killer bee is lightly wounded.
* * * LOW HITPOINT WARNING * * *
You feel sick.
The killer bee stings you but does no damage.
The killer bee stings you.
* * * LOW HITPOINT WARNING * * *
It was a potion of flight.
You feel very buoyant.
You fly up into the air.
* * * LOW HITPOINT WARNING * * *
You feel sick. The killer bee barely misses you.
The killer bee stings you but does no damage.
It was a potion of magic.
Magic courses through your body.
* * * LOW HITPOINT WARNING * * *
You feel sick. The killer bee stings you!
You die...

#.# #.# #.# #.#
#.# #.# #.# #.#
#@# #y# #.# #.#
#.#
#.################
#.................
##################


You could see a killer bee.

Vanquished Creatures
  Sigmund (D:3)
  A sky beast (D:5)
  A phantom (D:4)
  An ogre (D:4)
  2 killer bees (D:4)
  A hound (D:5)
  An orc priest (D:3)
  A centaur skeleton (D:4)
  A jelly (D:5)
  Jessica (D:3)
  Terence (D:3)
  2 worker ants
  10 adders
  A shadow imp (D:5)
  4 oozes (D:4)
  3 adder skeletons (D:4)
  5 worms
  4 dart slugs
  7 leopard geckos
  9 orcs
  8 giant cockroaches
  10 goblins
  6 hobgoblins
  5 jackals
  12 kobolds
  4 quokkas
  3 ball pythons
  5 bats
  8 frilled lizards
  12 rats
130 creatures vanquished.

Vanquished Creatures (others)
  An ogre (D:4)
1 creature vanquished.

Grand Total: 131 creatures vanquished

Notes
Turn   | Place    | Note
-------+----------+-------------------------------------------
     0 | Abyss:1  | Kohma the Hill Orc Abyssal Knight began the quest for the
                  | Orb.
     0 | Abyss:1  | Reached XP level 1. HP: 19/19 MP: 2/2
    64 | D:1      | Escaped the Abyss
   263 | D:1      | Reached skill level 3 in Axes
   304 | D:1      | Reached XP level 2. HP: 27/27 MP: 4/4
   919 | D:1      | Reached ** piety under Lugonu
   923 | D:1      | Reached XP level 3. HP: 33/33 MP: 5/5
  1205 | D:2      | Found a snail-covered altar of Cheibriados.
  1279 | D:2      | Reached skill level 4 in Axes
  1781 | D:2      | Reached XP level 4. HP: 34/40 MP: 6/6
  2101 | D:3      | Reached *** piety under Lugonu
  2201 | D:3      | Noticed Jessica
  2206 | D:3      | Killed Jessica
  2206 | D:3      | Reached skill level 5 in Axes
  2358 | D:3      | Reached XP level 5. HP: 40/47 MP: 7/7
  2497 | D:3      | Noticed Terence
  2506 | D:3      | Killed Terence
  3070 | D:3      | Reached skill level 5 in Fighting
  3070 | D:3      | Reached skill level 6 in Axes
  3070 | D:3      | Reached XP level 6. HP: 48/56 MP: 9/9
  3128 | D:3      | Found a burning altar of Makhleb.
  3128 | D:3      | Noticed a cacodemon
  3131 | D:3      | Noticed a smoke demon
  3131 | D:3      | Noticed a hellwing
  3162 | D:3      | Noticed Sigmund
  3172 | D:3      | Reached **** piety under Lugonu
  3179 | D:3      | Killed Sigmund
  3462 | D:3      | Found an opulent altar of Gozag.
  3516 | D:3      | Reached skill level 7 in Axes
  3516 | D:3      | Reached skill level 5 in Invocations
  3770 | D:3      | Found a radiant altar of Vehumet.
  3770 | D:3      | Found a sparkling altar of Nemelex Xobeh.
  3918 | D:4      | Reached XP level 7. HP: 61/61 MP: 10/10
  4631 | D:4      | Reached skill level 8 in Axes
  4896 | D:4      | Found Kupic's Antique Armour Emporium.
  4905 | D:4      | Bought a runed cloak for 127 gold pieces
  5311 | D:5      | Entered Level 5 of the Dungeon
  5380 | D:5      | Reached XP level 8. HP: 41/71 MP: 12/12
  5535 | D:5      | Found a blossoming altar of Fedhas.
  5538 | D:5      | Found an ancient bone altar of Kikubaaqudgha.
  5692 | D:5      | Found a shimmering altar of Xom.
  5754 | D:5      | Reached skill level 9 in Axes
  5787 | D:4      | Slain by a killer bee

Levels and vault maps discovered:
D:1:      psy_arrival_basics, layout_basic
D:2:      layout_rooms, kennysheep_slug_shrine, minivault_11
D:3:      layout_rooms, makhleb_altar_promises_db, grunt_gozag_statues,
          gammafunk_temple_overflow_elements, first_ration,
          kennysheep_cluttered_room, hangedman_decor_riveting,
          kennysheep_jessica_study, uniq_terence, uniq_sigmund
D:4:      kb_forest_paths, layout_basic, serial_shops, shop, grunt_tough_drop
D:5:      layout_cave_pools, grunt_temple_overflow_growth_and_decay,
          kennysheep_little_box, chequers_serial_rivers_small_3

Skill      XL: |  1  2  3  4  5  6  7  8 |
---------------+-------------------------+-----
Axes           | 3 4 5 6 7 8 9 |  9.2
Invocations    | 3 4 5 6 |  6.4
Fighting       | 4 5 6 |  6.6
Armour         | |  2.1
Dodging        | |  0.7

Action                   |  1- 3 |  4- 6 |  7- 9 || total
-------------------------+-------+-------+-------++-------
Melee: Hand axe          |   159 |    49 |       ||   208
       Dagger            |       |   143 |   199 ||   342
Invok: Banish            |       |       |     1 ||     1
  Use: Potion            |       |       |     2 ||     2
  Eat: Chunk             |     3 |     6 |     4 ||    13
       Ration            |       |       |     1 ||     1
Armor: Leather armour    |    12 |       |       ||    12
       Ring mail         |    44 |    45 |       ||    89
       Scale mail        |       |    46 |   102 ||   148
Dodge: Dodged            |    85 |   111 |    78 ||   274

Table legend:
 A = Non-vault XP
 B = Vault XP
 C = Vault XP percentage of total XP
 D = Non-vault monster count
 E = Vault monster count
 F = Vault count percentage of total count
                 A         B        C        D         E       F
            +---------+---------+-------+---------+---------+-------
      Total |    1054 |     451 |  30.0 |     117 |      14 |  10.7
            +---------+---------+-------+---------+---------+-------
        D:1 |      42 |       0 |   0.0 |      25 |       0 |   0.0
        D:2 |      80 |       4 |   4.8 |      26 |       1 |   3.7
        D:3 |     196 |     283 |  59.1 |      39 |       4 |   9.3
        D:4 |     485 |     164 |  25.3 |      18 |       9 |  33.3
        D:5 |     251 |       0 |   0.0 |       9 |       0 |   0.0
            +---------+---------+-------+---------+---------+-------
